 Dungeon Crawl Stone Soup version 0.17-a0-2073-gde5cdba (webtiles) character file.

184748 M4edhros the Unseen (level 18, -46/118 HPs)
             Began as an Octopode Artificer on Nov 7, 2014.
             Was an Initiate of Gozag.
             Annihilated by a juggernaut (92 damage)
             ... on level 2 of the Depths on Oct 16, 2015.
             The game lasted 03:00:03 (40100 turns).

M4edhros the Unseen (Octopode Artificer)           Turns: 40100, Time: 03:00:03

Health: -46/118    AC:  6    Str:  8    XL:     18   Next: 42%
Magic:  0/46       EV: 25    Int: 19    God:    Gozag
Gold:   2143       SH: 13    Dex: 19    Spells: 9 memorised, 6 levels left

rFire  + + .     SeeInvis +     P - +7 lightning rod (0/17)
rCold  . . .     Clarity  .     m - +0 shield {AC+3}
rNeg   . . .     SustAt   .     L - +2 hat
rPois  +         Gourm    .     M - amulet "Guefeb" {Spirit rElec rF+ Slay+6}
rElec  +         Spirit   +     i - ring of see invisible
rCorr  .         Warding  .     h - ring of magical power
rMut   .         Stasis   .     C - ring of poison resistance
MR     +....                    q - ring of protection from fire
Stlth  +++++++++.               k - ring of stealth
                                d - ring of wizardry
                                U - ring "Arghom" {+Inv MP+9 Str-3 Slay+2}
                                c - +3 ring of evasion

@: somewhat resistant to hostile enchantments, incredibly stealthy
A: almost no armour, amphibious, 8 rings, constrict 8, camouflage 1, agile 2,
spit poison 1, gelatinous body 1
a: Spit Poison, Potion Petition, Call Merchant, Bribe Branch, Renounce Religion,
Evoke Invisibility


You were on level 2 of the Depths.
You worshipped Gozag.
Gozag was noncommittal.
You were not hungry.

You visited 5 branches of the dungeon, and saw 30 of its levels.
You also visited: Sewer, Ice Cave and Volcano.

You collected 12737 gold pieces.
You spent 6151 gold pieces at shops.
You paid 4443 gold pieces to Gozag.

Inventory:

Hand Weapons
 b - a +1 dagger of electrocution
 r - the +10 blowgun of Destruction {evade, Dex+3}
   (You found it on level 8 of the Lair of Beasts)

   It affects your evasion (+5 to EV).
   It affects your dexterity (+3).
 J - a +3 hunting sling
 W - the +10 trident "Tricamp" {flame, MR++}
   (You found it on level 10 of the Dungeon)

   It has been specially enchanted to burn those struck by it, causing extra
   injury to most foes and up to half again as much damage against particularly
   susceptible opponents.
   It affects your resistance to hostile enchantments.
Missiles
 j - 58 poisoned needles
 A - 94 sling bullets
 B - 221 stones (quivered)
Armour
 m - a +0 shield of protection (worn)
 L - a +2 hat (worn)
Magical Staves
 u - an uncursed staff of energy
Rods
 P - a +7 lightning rod (0/17) (weapon)
   (You bought it in a shop on level 9 of the Dungeon)
Jewellery
 a - an uncursed amulet of clarity
 c - a +3 ring of evasion (on tentacle)
 d - a ring of wizardry (on tentacle)
 h - a ring of magical power (right tentacle)
 i - a ring of see invisible (left tentacle)
 k - a ring of stealth (on tentacle)
 o - an uncursed ring of flight
 q - a ring of protection from fire (on tentacle)
 C - a ring of poison resistance (on tentacle)
 G - an uncursed amulet of stasis
 M - the amulet "Guefeb" (around mantle) {Spirit rElec rF+ Slay+6}
   (You bought it in a shop on level 1 of the Orcish Mines)

   [amulet of guardian spirit]

   It causes incoming damage to be split between your health and magic.
   It affects your accuracy and damage with ranged weapons and melee attacks
   (+6).
   It protects you from fire.
   It insulates you from electricity.
 U - the ring "Arghom" (on tentacle) {+Inv MP+9 Str-3 Slay+2}
   (You bought it in a shop on level 1 of the Orcish Mines)

   [ring of invisibility]

   It affects your strength (-3).
   It affects your accuracy and damage with ranged weapons and melee attacks
   (+2).
   It affects your magic capacity (+9).
   It lets you turn invisible.
Wands
 n - a wand of fire (4)
 p - a wand of cold (0)
 w - a wand of slowing (16)
 H - a wand of enslavement (11)
 K - a wand of fire (0)
 T - a wand of digging (11)
 Y - a wand of disintegration (7)
 Z - a wand of enslavement (5)
Scrolls
 e - 2 scrolls of torment {unknown}
 s - a scroll of fear
 t - 2 scrolls of recharging
 v - 12 scrolls of teleportation
 x - 5 scrolls of fog
 y - a scroll of enchant weapon
 Q - 7 scrolls of magic mapping
 V - a scroll of silence
Potions
 l - 2 potions of curing
 z - 3 potions of brilliance
 D - a potion of haste
 F - 2 potions of might
 I - 2 potions of resistance
 N - 2 potions of magic
Miscellaneous
 O - a lamp of fire
 R - a box of beasts
 S - a fan of gales
Comestibles
 f - 11 bread rations
 g - 22 fruits
 E - 2 royal jellies


   Skills:
 - Level 9.0 Fighting
 - Level 3.9(5.0) Short Blades
   Level 4.8(5.5) Long Blades
 + Level 9.1 Polearms
 * Level 7.9 Slings
 + Level 11.9 Dodging
 * Level 18.4 Stealth
 * Level 14.3 Shields
 + Level 7.1 Spellcasting
 * Level 5.8 Conjurations
 - Level 3.6 Hexes
 * Level 5.1 Charms
 * Level 5.3 Necromancy
 - Level 3.3 Translocations
 - Level 3.4 Fire Magic
 + Level 11.9 Evocations


You had 6 spell levels left.
You knew the following spells:

 Your Spells              Type           Power        Failure   Level  Hunger
a - Gell's Gravitas       Hex/Tloc       ###.......   4%          3    #......
b - Sticky Flame          Conj/Fire      ###.....     9%          4    ###....
c - Conjure Flame         Conj/Fire      ###.....     2%          3    #......
d - Regeneration          Chrm/Necr      ####......   1%          3    #......
e - Spectral Weapon       Hex/Chrm       ###.....     2%          3    #......
f - Shroud of Golubria    Chrm/Tloc      ###.......   1%          2    None
g - Mephitic Cloud        Conj/Pois/Air  ##......     7%          3    #......
h - Repel Missiles        Chrm/Air       ###...       3%          2    None
i - Swiftness             Chrm/Air       ###.....     3%          2    None


Dungeon Overview and Level Annotations

Branches:
Dungeon (15/15)            Temple (1/1) D:4            Lair (8/8) D:10
 Shoals (0/5) Lair:3       Spider (0/5) Lair:6        Slime (0/6) Lair:6
    Orc (4/4) D:9             Elf (0/3) Orc:4        Vaults (0/5) D:13
 Depths (2/5) D:15

Altars:
Ashenzari
Cheibriados
Dithmenos
Elyvilon
Fedhas
Gozag
Kikubaaqudgha
Makhleb
Nemelex Xobeh
Okawaru
Qazlal
Ru
Sif Muna
Trog
Vehumet
Xom
Yredelemnul
Zin
The Shining One
Beogh
Jiyva

Shops:
D:7 [   D:9 }(}}   D:13 *   D:14 [   D:15 *[%=   Orc:1 %=}=[   Orc:4 [?:[
Vaults:1 *   Vaults:2 }

Portals:
Hell: Depths:1 Depths:2
Abyss: Depths:1

Annotations:
D:7 ConnectionFaild's ghost, experienced GrHu
Lair:4 exclusion: 2 oklob plants


Innate Abilities, Weirdness & Mutations

You cannot wear most types of armour.
You are amphibious.
You can wear up to eight rings at the same time.
You can use your tentacles to constrict eight enemies at once.
Your skin changes colour to match your surroundings (Stealth).
Your rubbery body absorbs attacks (AC +1).
You are very agile. (Dex +4)
You can spit weak poison.


Message History

Aim: a juggernaut (severely wounded)
The bolt of cold hits the juggernaut.
The juggernaut is almost dead.
The bolt of cold hits the fire giant.
The fire giant is almost dead.
The bolt of cold hits the entropy weaver.
You kill the entropy weaver!
Evoking this partially-identified wand wasted a few charges.
The queen ant changes into a giant leech!
Unknown command.
Evoke which item? (* to show all) (? for menu, Esc to quit)
Zapping:
p - a wand of cold {zapped: 9} (will waste charges)
Press: ? - help, Shift-Dir - straight line, f/p - juggernaut
Aim: a juggernaut (almost dead) Nothing appears to happen.
The hell knight seems less confused.
The giant leech changes into an entropy weaver!
The juggernaut hits you!!!!
Ouch! That really hurt!
You die...
Your body crumbles into a pile of gold.

###
###.###.#)#.
#..## ##(..#
####..######(##
#...###........
#...# #########
#####...#
#..(.####
#....# #$@..#
#C...# pC#####
..Q$ #..(.
#Vp.. #C.. .###


You could see a juggernaut, a fire giant, a stone giant, a tengu reaver, a
vampire knight, an entropy weaver shaped shifter and a hell knight.

Vanquished Creatures
  A lich (Depths:1)
  Jorgrun (Depths:2)
  Rupert (D:15)
  Kirke (Lair:7)
  8 fire giants
  Maud (D:13)
  A frost giant (Depths:2)
  A spriggan defender (Depths:2)
  6 stone giants
  A vampire knight (Depths:2)
  2 very ugly things
  Nessos (Orc:4)
  The ghost of ventricule the Martial Artist, a journeyman KoTm of Qazlal (Lair:7)
  3 ettins
  A white draconian (IceCv)
  The ghost of Gruud the Martial Artist, a journeyman DsTm of Makhleb (D:14)
  2 ogre magi
  A great orb of eyes (Depths:2)
  4 vault guards (D:13)
  4 entropy weavers
  2 fire dragons
  Erolcha (D:9)
  3 yaktaur captains
  4 ice dragons
  8 hydras
  A jiangshi (Depths:1)
  The ghost of asdu the Bludgeoner, a novice OgBe of Trog (D:14)
  2 centaur warriors
  Erica (Lair:2)
  6 death yaks
  2 deep troll earth magi (Depths:2)
  4 tengu warriors
  An orc high priest (Orc:4)
  2 vampire magi
  A hell knight (Depths:2)
  2 skeletal warriors (D:15)
  A wizard (Depths:2)
  2 deep trolls (Depths:2)
  7 unseen horrors
  A giant orange brain (Depths:1)
  A flayed ghost (Depths:2)
  5 orc sorcerers
  2 orc knights
  An iron dragon zombie (D:15)
  8 hill giants
  A frost giant zombie (D:15)
  5 necromancers
  3 cyclopes
  A wolf spider zombie (D:13)
  2 manticores
  29 ugly things
  A moth of wrath (shapeshifter) (D:13)
  A sphinx skeleton (Volcano)
  A hornet (shapeshifter) (D:15)
  4 black mambas
  9 elephants
  3 griffons
  Maurice (D:10)
  2 centaur zombies
  4 two-headed ogres
  Joseph (D:7)
  17 spiny frogs
  2 gargoyles
  3 kobold demonologists (D:13)
  5 komodo dragons
  2 fire drakes
  3 tengu conjurers
  11 yaktaurs
  6 trolls
  25 polar bears
  2 large abominations (Depths:1)
  A spriggan druid (Lair:8)
  A guardian mummy (Volcano)
  An entropy weaver zombie (D:15)
  2 deep elf priests
  4 snapping turtles (D:12)
  Prince Ribbit (D:6)
  16 slime creatures
  A tengu simulacrum (Depths:1)
  3 basilisks
  A jumping spider (Depths:1)
  A raiju (shapeshifter) (Depths:2)
  16 blink frogs
  A frost giant simulacrum (Depths:1)
  6 wraiths
  2 flying skulls (Volcano)
  9 redbacks
  2 water elementals
  A hog (Lair:7)
  A tarantella (shapeshifter) (D:15)
  A deep elf mage (D:14)
  43 yaks
  A shadow (D:15)
  Eustachio (D:6)
  12 spriggans (Lair:8)
  A wyvern (D:5)
  3 hungry ghosts
  2 vampires (Volcano)
  5 small abominations (Depths:1)
  30 wolves
  A hill giant skeleton (Volcano)
  A vampire mosquito (D:13)
  3 fire elementals (Depths:1)
  A warg (Orc:4)
  8 hippogriffs
  A deep elf fighter (D:9)
  2 chaos spawn (Depths:1)
  Menkaure (D:5)
  2 mottled dragons
  A water moccasin (shapeshifter) (D:14)
  14 water moccasins
  8 porcupines
  A merfolk skeleton (Volcano)
  A swamp drake (D:6)
  8 black bears
  4 ice beasts
  6 sky beasts
  A phantom (D:14)
  25 ogres
  22 orc warriors
  5 wasps
  20 centaurs
  5 big kobolds
  12 boggarts
  20 crocodiles
  2 manticore skeletons (Volcano)
  A brain worm (D:14)
  31 giant frogs
  3 wyvern zombies
  6 scorpions
  8 killer bees
  5 wights (D:10)
  15 electric eels
  3 spriggan skeletons
  2 troll skeletons
  2 giant frog zombies (D:12)
  4 beetles
  5 giant frog skeletons
  25 orc priests
  9 iguanas
  8 crimson imps
  6 hounds
  7 jellies
  Crazy Yiuf (D:5)
  6 centaur skeletons
  A two-headed ogre skeleton (Volcano)
  33 orc wizards
  12 worker ants
  2 hell rats (Lair:2)
  26 sheep
  Ijyb (D:6)
  A naga skeleton (Volcano)
  3 mummies (Volcano)
  82 river rats
  A scorpion zombie (D:6)
  2 removed MONS_GIANT_MITEs
  A shadow imp (D:9)
  27 adders
  4 worms
  4 oozes
  186 orcs
  2 ball pythons
  15 bats
  A bat skeleton (D:4)
  2 bat zombies
  5 giant cockroaches
  9 hobgoblins
  15 jackals
  39 kobolds
  16 quokkas
  9 giant geckos
  2 giant newts (D:3)
  16 goblins
  A hobgoblin skeleton (D:8)
  A quokka skeleton (D:4)
  15 rats
  2 rat skeletons
  2 rat zombies (D:5)
  A fungus (Lair:7)
  A plant (Lair:7)
  A spectral weapon (Depths:1)
1287 creatures vanquished.

Vanquished Creatures (collateral kills)
  A jiangshi (Depths:1)
  Josephine (Lair:5)
  A hydra (Lair:7)
  An elephant (Lair:4)
  A spriggan druid (Lair:8)
  A polar bear (Lair:8)
  2 wraiths (Lair:5)
  A redback (Lair:8)
  A hill giant skeleton (D:8)
  A water moccasin (Lair:4)
  An ogre (D:8)
  A sheep (Lair:8)
  2 adders
  A river rat (Sewer)
  An ooze (D:5)
  A kobold (D:2)
  A rat (D:6)
19 creatures vanquished.

Vanquished Creatures (others)
  2 elephants (Lair:4)
  A torpor snail (Lair:6)
  A fire drake (Lair:7)
  2 blink frogs (Lair:6)
  A fire giant simulacrum (Depths:1)
  2 humans (Lair:7)
  A small abomination (Depths:1)
  2 large abominations (Depths:1)
  A centaur (D:12)
  2 bats (D:12)
  A kobold (D:6)
  13 fungi
  32 plants
  3 spectral weapons
64 creatures vanquished.

Grand Total: 1370 creatures vanquished

Notes
Turn   | Place    | Note
--------------------------------------------------------------
     0 | D:1      | M4edhros, the Octopode Artificer, began the quest for the Orb.
     0 | D:1      | Reached XP level 1. HP: 13/13 MP: 1/1
   270 | D:1      | Reached XP level 2. HP: 18/18 MP: 3/3
   328 | D:2      | Reached XP level 3. HP: 10/23 MP: 4/4
   446 | D:2      | Reached skill level 4 in Evocations
   721 | D:3      | Found a glowing drain.
   726 | D:3      | Reached XP level 4. HP: 18/28 MP: 6/6
   806 | Sewer    | Entered a sewer
  1024 | Sewer    | Noticed a big kobold
  1033 | Sewer    | Killed a big kobold
  1033 | Sewer    | Reached skill level 5 in Evocations
  1033 | Sewer    | Reached XP level 5. HP: 16/33 MP: 9/9
  1068 | Sewer    | Found a white marble altar of Elyvilon.
  1235 | D:5      | Entered Level 5 of the Dungeon
  1235 | D:5      | Noticed a sky beast
  1244 | D:5      | Noticed Edmund
  1376 | D:6      | Reached XP level 6. HP: 31/38 MP: 11/11
  1380 | D:6      | Found a radiant altar of Vehumet.
  1383 | D:6      | Noticed Eustachio
  1404 | D:6      | Killed Eustachio
  1404 | D:6      | Reached skill level 5 in Stealth
  1570 | D:6      | Noticed Ijyb
  1576 | D:6      | Killed Ijyb
  1726 | D:6      | Noticed Prince Ribbit
  1749 | D:6      | Killed Prince Ribbit
  1749 | D:6      | Reached skill level 6 in Stealth
  1749 | D:6      | Reached XP level 7. HP: 23/43 MP: 12/14
  2019 | D:6      | Reached skill level 5 in Dodging
  2192 | D:6      | Killed a sky beast
  2199 | D:6      | Gained mutation: Armour fits poorly on your strangely shaped body. [mutagenic meat]
  2369 | D:6      | Found a glowing golden altar of the Shining One.
  2536 | D:6      | Reached skill level 7 in Stealth
  2536 | D:6      | Reached XP level 8. HP: 37/48 MP: 17/17
  2538 | D:6      | Noticed a centaur
  2740 | D:5      | Noticed Crazy Yiuf
  2747 | D:5      | Killed Crazy Yiuf
  3008 | D:5      | Found a viscous altar of Jiyva.
  3057 | D:5      | Noticed Edmund
  3057 | D:5      | Edmund changed into Edmund the wyvern
  3075 | D:5      | Killed Edmund the wyvern
  3250 | D:5      | Reached skill level 8 in Stealth
  3306 | D:5      | You fall through a shaft for 3 floors!
  3611 | D:8      | Noticed a two-headed ogre
  3675 | D:7      | Noticed ConnectionFaild's ghost (experienced GrHu)
  3745 | D:8      | Found a basalt altar of Yredelemnul.
  3745 | D:8      | Noticed a deep elf priest
  4050 | D:6      | a centaur changed into a swamp drake
  4058 | D:6      | Reached skill level 9 in Stealth
  4058 | D:6      | Reached XP level 9. HP: 37/53 MP: 20/20
  4348 | D:7      | Found Riol's Antique Armour Boutique.
  4481 | D:7      | Reached skill level 1 in Long Blades
  4736 | D:7      | Noticed Joseph
  4749 | D:7      | Killed Joseph
  5609 | D:8      | Killed a deep elf priest
  5609 | D:8      | Reached skill level 10 in Stealth
  5709 | D:8      | Killed a two-headed ogre
  5897 | D:9      | Found Khupugg's Gadget Shop.
  5902 | D:9      | Reached XP level 10. HP: 53/63 MP: 22/22
  6096 | D:5      | Noticed Menkaure
  6104 | D:5      | Killed Menkaure
  6681 | D:4      | Found a staircase to the Ecumenical Temple.
  6693 | Temple   | Entered the Ecumenical Temple
  6772 | Temple   | Became a worshipper of Gozag Ym Sagoz the Greedy
  7846 | D:3      | Found a glowing silver altar of Zin.
  7847 | D:3      | Noticed an angel
  7849 | D:3      | Found a shimmering altar of Xom.
  8293 | D:2      | Found an iron altar of Okawaru.
  8354 | D:2      | Found a blossoming altar of Fedhas.
  9223 | D:9      | Found Culiq's Antique Weapon Emporium.
  9250 | D:9      | Bought an ichor-stained short sword for 272 gold pieces
  9251 | D:9      | Identified the cursed +3 short sword of the Gnat {pierce, *Tele rPois rF+ rC++ rN+ Dex-1} (You bought it in a shop on level 9 of the Dungeon)
  9552 | D:8      | You fall through a shaft for 2 floors!
  9552 | D:10     | Entered Level 10 of the Dungeon
  9558 | D:10     | Found a staircase to the Lair.
  9808 | D:10     | Reached skill level 1 in Shields
  9885 | D:10     | Reached skill level 10 in Evocations
  9929 | D:9      | Found Unubilib's Gadget Shop.
  9947 | D:9      | Found a white marble altar of Elyvilon.
 10008 | D:9      | Noticed Erolcha
 10088 | D:9      | Found a roughly hewn altar of Beogh.
 10088 | D:9      | Found a staircase to the Orcish Mines.
 10095 | D:9      | Reached skill level 11 in Stealth
 10280 | D:9      | Found Ghe Pyrgh's Gadget Emporium.
 10328 | D:9      | Reached skill level 5 in Fighting
 10734 | D:10     | Got an iridescent trident
 10735 | D:10     | Identified the +10 trident "Tricamp" {flame, MR++} (You found it on level 10 of the Dungeon)
 10952 | D:10     | Found a stormy altar of Qazlal.
 11021 | D:10     | Noticed a hill giant
 11026 | D:10     | Noticed Maurice
 11044 | D:10     | Killed a hill giant
 11044 | D:10     | Reached skill level 1 in Polearms
 11044 | D:10     | Reached XP level 11. HP: 72/72 MP: 24/24
 11232 | D:10     | Killed Maurice
 11246 | D:10     | Upgraded the game from 0.16-a0-1970-g0967df0 to 0.16-a0-1982-g8124c91
 11246 | D:10     | Upgraded the game from 0.16-a0-1982-g8124c91 to 0.16-a0-2757-g883b90a
 11252 | D:10     | Gained mutation: You can spit weak poison. [potion of mutation]
 11252 | D:10     | Gained mutation: Your body sometimes deteriorates upon taking damage. [potion of mutation]
 11252 | D:10     | Gained mutation: You are agile. (Dex +2) [potion of mutation]
 11538 | Lair:1   | Entered Level 1 of the Lair of Beasts
 12851 | Lair:2   | Identified a scroll of acquirement
 12953 | Lair:2   | Noticed Erica
 13209 | Lair:2   | Killed Erica
 13209 | Lair:2   | Reached skill level 12 in Stealth
 14106 | Lair:3   | Found a bloodstained altar of Trog.
 14196 | Lair:3   | Reached skill level 5 in Shields
 14233 | Lair:3   | Reached skill level 5 in Polearms
 14404 | Lair:3   | Reached XP level 12. HP: 72/80 MP: 26/26
 14452 | Lair:3   | Found a staircase to the Shoals.
 14502 | Lair:3   | Upgraded the game from 0.16-a0-2757-g883b90a to 0.16-a0-3467-gfe061fe
 15014 | Lair:4   | Reached skill level 1 in Spellcasting
 15390 | Lair:4   | Found a dark tunnel.
 15395 | Lair:4   | Reduced skill Evocations to level 10
 15395 | Lair:4   | Upgraded the game from 0.16-a0-3467-gfe061fe to 0.17-a0-2073-gde5cdba
 15395 | Lair:4   | Reached skill level 10 in Shields
 15395 | Lair:4   | Reached XP level 13. HP: 51/85 MP: 20/20
 15396 | Lair:4   | Lost mutation: Your body sometimes deteriorates upon taking damage. [potion of cure mutation]
 15396 | Lair:4   | Lost mutation: Armour fits poorly on your strangely shaped body. [potion of cure mutation]
 15396 | Lair:4   | Lost mutation: You can spit weak poison. [potion of cure mutation]
 15472 | Volcano  | Entered a volcano
 17085 | Lair:5   | Reached skill level 13 in Stealth
 18003 | Lair:5   | Noticed Josephine
 18104 | Lair:5   | Killed Josephine
 18334 | Lair:6   | Found a hole to the Spider Nest.
 18490 | Lair:6   | Reached skill level 10 in Dodging
 18688 | Lair:6   | Reached XP level 14. HP: 68/92 MP: 21/21
 18765 | Lair:6   | Found a staircase to the Slime Pits.
 19450 | Lair:7   | Noticed ventricule's ghost (journeyman KoTm)
 19471 | Lair:7   | Killed ventricule's ghost
 19710 | Lair:7   | Noticed Kirke
 19920 | Lair:7   | Killed Kirke
 19920 | Lair:7   | Reached skill level 14 in Stealth
 20860 | D:9      | Bought a glowing spear for 102 gold pieces
 22637 | D:12     | Reached skill level 15 in Stealth
 22764 | D:13     | Found Yshaumen's Assorted Antiques.
 22972 | D:13     | Learned a level 3 spell: Gell's Gravitas
 22986 | D:13     | Bought a runed blowgun for 80 gold pieces
 23048 | D:13     | Found a gate to the Vaults.
 23049 | D:13     | Noticed Maud
 23066 | D:13     | Killed Maud
 23088 | D:13     | Reached skill level 1 in Hexes
 23649 | D:12     | Reached skill level 1 in Translocations
 24159 | D:13     | Reached XP level 15. HP: 76/100 MP: 22/22
 24850 | D:13     | Reached skill level 5 in Spellcasting
 25789 | Orc:1    | Entered Level 1 of the Orcish Mines
 25789 | Orc:1    | Found Gidd's Jewellery Emporium.
 25832 | Orc:1    | Bought a cursed amulet of inaccuracy for 30 gold pieces
 25876 | Orc:1    | Found Odac's Gadget Shoppe.
 25885 | Orc:1    | Found Xetil's Antique Armour Boutique.
 25896 | Orc:1    | Found a radiant altar of Vehumet.
 25932 | Orc:1    | Bought an embroidered hat for 108 gold pieces
 26137 | Orc:1    | Found Colosimp's Jewellery Shop.
 26775 | Orc:1    | Found Gixell's Food Boutique.
 27082 | Orc:3    | Found a frozen archway.
 27165 | IceCv    | Entered an ice cave
 28847 | Orc:4    | Entered Level 4 of the Orcish Mines
 28926 | Orc:4    | Found a staircase to the Elven Halls.
 29378 | Orc:1    | Bought the amulet "Guefeb" {Spirit rElec rF+ Slay+6} for 1219 gold pieces
 29378 | Orc:1    | Bought the ring "Arghom" {+Inv MP+9 Str-3 Slay+2} for 625 gold pieces
 29384 | Orc:1    | Gained mutation: You can translocate small distances at will. [potion of beneficial mutation]
 29785 | D:13     | Reached skill level 16 in Stealth
 30180 | D:14     | Reached skill level 1 in Slings
 30253 | D:14     | Noticed Gruud's ghost (journeyman DsTm)
 30337 | D:14     | Noticed asdu's ghost (novice OgBe)
 30430 | D:14     | Found Zikhughimi's Antique Armour Boutique.
 30442 | D:14     | Bought a glowing hat for 112 gold pieces
 30563 | D:14     | Learned a level 4 spell: Sticky Flame
 30883 | D:14     | Killed Gruud's ghost
 30883 | D:14     | Reached XP level 16. HP: 29/108 MP: 13/24
 31187 | D:14     | Killed asdu's ghost
 31320 | D:15     | Entered Level 15 of the Dungeon
 31326 | D:15     | Found Panlunoi's Food Boutique.
 31349 | D:15     | Reached skill level 1 in Fire Magic
 31383 | D:15     | Reached skill level 1 in Conjurations
 31408 | D:15     | Noticed Rupert
 31969 | D:9      | Bought a +1 lightning rod (13/13) for 1520 gold pieces
 32666 | Lair:8   | Entered Level 8 of the Lair of Beasts
 33536 | Lair:8   | Reached skill level 17 in Stealth
 33587 | Lair:8   | Reached skill level 5 in Slings
 33839 | Lair:8   | Got an ichor-stained blowgun
 33840 | Lair:8   | Identified the +10 blowgun of Destruction {evade, Dex+3} (You found it on level 8 of the Lair of Beasts)
 34258 | Orc:4    | Noticed Nessos
 34267 | Orc:4    | Killed Nessos
 34542 | Orc:4    | Found Budilom's Book Emporium.
 34542 | Orc:4    | Found Fyzoh's Armour Emporium.
 34542 | Orc:4    | Found Tyskalus's Magic Scroll Shoppe.
 34553 | Orc:4    | Found Meomen's Antique Armour Shoppe.
 34571 | Orc:4    | Learned a level 3 spell: Conjure Flame
 34571 | Orc:4    | Bought a book of Battle for 680 gold pieces
 34575 | Orc:4    | Learned a level 3 spell: Regeneration
 34579 | Orc:4    | Learned a level 3 spell: Spectral Weapon
 34588 | Orc:4    | Learned a level 2 spell: Shroud of Golubria
 34902 | D:9      | Killed Erolcha
 35032 | Orc:4    | Bought a book of Clouds for 765 gold pieces
 35032 | Orc:4    | Bought a book of Air for 595 gold pieces
 35037 | Orc:4    | Learned a level 3 spell: Mephitic Cloud
 35040 | Orc:4    | Learned a level 2 spell: Repel Missiles
 35043 | Orc:4    | Learned a level 2 spell: Swiftness
 35323 | D:13     | Reached skill level 1 in Charms
 35427 | D:15     | Found Doqitosh's General Store.
 35440 | D:15     | Bought a slice of pizza for 22 gold pieces
 35508 | D:15     | Found a staircase to the Depths.
 35864 | D:15     | Killed Rupert
 35864 | D:15     | Reached skill level 1 in Necromancy
 35871 | D:15     | Reached XP level 17. HP: 66/112 MP: 15/26
 35946 | D:15     | Bought a slice of pizza for 21 gold pieces
 36508 | D:15     | Found Misats's Armour Shop.
 36701 | D:15     | Found Qaxzowa's Jewellery Shop.
 36892 | Depths:1 | Entered Level 1 of the Depths
 37046 | Depths:1 | Found a gateway to Hell.
 37288 | Depths:1 | Noticed a lich
 37302 | Depths:1 | Killed a lich
 38134 | Depths:1 | Reached skill level 18 in Stealth
 38748 | Depths:1 | Found a one-way gate to the infinite horrors of the Abyss.
 38912 | Depths:2 | Noticed Jorgrun
 39155 | Depths:2 | Reached XP level 18. HP: 105/118 MP: 28/28
 39159 | Depths:2 | Reached skill level 5 in Conjurations
 39255 | Depths:2 | Killed Jorgrun
 39707 | Depths:2 | Lost mutation: You can translocate small distances at will. [potion of mutation]
 39707 | Depths:2 | Gained mutation: You are very agile. (Dex +4) [potion of mutation]
 39707 | Depths:2 | Gained mutation: You can spit weak poison. [potion of mutation]
 39791 | Depths:2 | Reached skill level 5 in Necromancy
 40061 | Depths:2 | Reached skill level 5 in Charms
 40086 | Depths:2 | Noticed a juggernaut
 40100 | Depths:2 | Annihilated by a juggernaut

Vault maps used:
D:1:      dpeg_arrival_orchard, minmay_misc_feat_enclosed
D:2:      fedhas_altar_3, lemuel_doored_altar, kennysheep_generic_room_9
D:3:      grunt_temple_overflow_order_and_chaos_1, portal_sewer_entry_c,
          dk_noncrumbling_1
D:4:      minmay_temple_entry_statues_pillars, st_stairs_2, grunt_ministairs_10
D:5:      first_bread, jiyva_altar_1, uniq_edmund, uniq_crazy_yiuf_cottage,
          uniq_menkaure
D:6:      serial_park_square1, tso_oasis_becter, fiery_altar_vehumet,
          lemuel_old_faithful, uniq_prince_ribbit1, uniq_eustachio, uniq_iyjb
D:7:      serial_shops, shop, uniq_joseph
D:8:      david_defended_altar_elf
D:9:      lemuel_crystal_altar, david_orc_5, serial_shops, shop,
          nicolae_shop_crystal, shop_statue, kennysheep_mini_moat,
          grunt_pizzeria, uniq_erolcha
D:10:     lair_0_dummy, nicolae_qazlal_general_emergency, uniq_maurice
D:12:     wad_bat_island, kennysheep_doodads
D:13:     lightli_vaults_fourway_checkpoint, uniq_maud
D:14:     hangedman_decor_points, hangedman_decor_slide_cut, serial_bayou_lake_a
D:15:     gammafunk_depths_entry_grave, serial_shops, nicolae_shop_behind_doors,
          shop, shop, uniq_rupert
Temple:   triangle_lava_temple_12
Lair:2:   kennysheep_rathole, minmay_holes, uniq_erica
Lair:3:   wad_woods_stonehenge, elwin_shoals_entry_rocks
Lair:4:   nicolae_volcano_entry_s_turn, minmay_lair_oklob_bushes
Lair:5:   uniq_josephine
Lair:6:   spider_nest_entry_web_field, nicolae_slime_entry_slimehenge,
          st_stairs_9
Lair:7:   st_stairs_8, lemuel_fruit_tree, infiniplex_staircase_pool_2,
          serial_bayou_shore_b, serial_bayou_shore_a, uniq_kirke
Lair:8:   minmay_lair_end_enchanted_forest, grunt_megastairs_3
Orc:1:    basic_altar, serial_shops, shop, shop, nicolae_shop_behind_doors,
          nicolae_shop_overgrown_old_shop, nicolae_shop_statue_plus
Orc:3:    portal_ice_cave_entry_animals_and_master, nicolae_orc_pool_cavern
Orc:4:    st_orc_mages, uniq_nessos
Depths:1: minmay_cut_squares, minmay_misc_feat_ornament, minmay_room_of_horrors,
          hell_entry, hangedman_elemental_death_ray
Depths:2: minmay_expanding_squares, minmay_crystal_water,
          marbit_kobold_abyss_entry, hell_entry, serial_bayou_shore_b,
          uniq_jorgrun
Sewer:    sewer_kobolds
IceCv:    ice_cave_small_giant
Volcano:  volcano_tomb

Action                   |  1- 3 |  4- 6 |  7- 9 | 10-12 | 13-15 | 16-18 || total
-------------------------+-------+-------+-------+-------+-------+-------++-------
Melee: Short sword       |    33 |    64 |       |       |       |       ||    97
       Falchion          |       |    18 |   199 |   272 |       |       ||   489
       Trident           |       |       |       |   329 |  1495 |  1052 ||  2876
       Dagger            |       |       |       |       |   241 |       ||   241
 Fire: Blowgun           |       |       |     9 |       |    11 |    25 ||    45
       Hunting sling     |       |       |     3 |       |     6 |    23 ||    32
Throw: Tomahawk          |       |       |     2 |       |       |       ||     2
 Cast: Mephitic Cloud    |       |       |       |       |       |    49 ||    49
       Spectral Weapon   |       |       |       |       |       |    17 ||    17
       Repel Missiles    |       |       |       |       |       |     4 ||     4
       Regeneration      |       |       |       |       |       |     6 ||     6
       Shroud of Golubri |       |       |       |       |       |     2 ||     2
       Conjure Flame     |       |       |       |       |       |     1 ||     1
       Swiftness         |       |       |       |       |       |     1 ||     1
Invok: Call Merchant     |       |       |       |       |     5 |       ||     5
       Potion Petition   |       |       |       |       |     1 |       ||     1
 Abil: Spit Poison       |       |       |       |     1 |       |       ||     1
       Evoke Invisibilit |       |       |       |       |     2 |     3 ||     5
Evoke: Wand              |     9 |    27 |    28 |    35 |    29 |    18 ||   146
       Fan of gales      |       |       |       |       |     2 |     3 ||     5
       Rod               |       |       |       |       |       |    23 ||    23
  Use: Potion            |       |     7 |     4 |    16 |    13 |     8 ||    48
       Scroll            |       |       |     7 |    12 |    16 |    12 ||    47
 Stab: Sleeping          |     3 |     5 |    24 |    51 |    89 |    25 ||   197
       Distracted        |       |       |     3 |     7 |    35 |    32 ||    77
       Paralysed         |       |       |     1 |       |     3 |       ||     4
       Confused          |       |       |     1 |       |       |    16 ||    17
       Invisible         |       |       |       |       |    10 |     7 ||    17
  Eat: Chunk             |       |     2 |    15 |     3 |       |       ||    20
       Pizza             |       |       |       |    10 |       |     2 ||    12
       Meat ration       |       |       |       |     3 |     5 |     2 ||    10
       Beef jerky        |       |       |       |     2 |     3 |       ||     5
       Bread ration      |       |       |       |       |     5 |     5 ||    10
